 Dungeon Crawl Stone Soup version 0.27.1 (webtiles) character file.

Game seed: 18445546139930607158

323 calewdscratch the Gusty (level 6, -20/46 HPs)
             Began as a Draconian Air Elementalist on Aug 20, 2021.
             Killed from afar by a steam dragon (25 damage)
             ... with a ball of steam
             ... on level 5 of the Dungeon on Aug 23, 2021.
             The game lasted 01:52:36 (7680 turns).

calewdscratch the Gusty (DrAE)                      Turns: 7680, Time: 01:52:37

Health: -20/46     AC:  7    Str: 11    XL:     6   Next: 23%
Magic:  10/11      EV: 12    Int: 16    God:
Gold:   110        SH:  0    Dex: 12    Spells: 9/12 levels left

rFire    . . .     SeeInvis .   n - +4 short sword (protect)
rCold    . . .     Faith    .   (no shield)
rNeg     . . .     Spirit   .   (armour unavailable)
rPois    .         Reflect  .   (helmet restricted)
rElec    .         Harm     .   (no cloak)
rCorr    .         Rampage  .   (no gloves)
Will     .....                  j - +0 pair of boots
Stlth    ++........             T - amulet of magic regeneration
HPRegen  0.15/turn              (no ring)
MPRegen  0.37/turn              (no ring)

@: no status effects
A: AC +6, unfitting armour, cold-blooded
a: no special abilities


You were on level 5 of the Dungeon.
You visited 1 branch of the dungeon, and saw 5 of its levels.

You collected 224 gold pieces.
You spent 114 gold pieces at shops.

Inventory:

Hand Weapons
 f - a +0 dagger
 g - a +0 spear
 i - a +0 short sword
 k - a +0 club
 n - a +4 short sword of protection (weapon)
 p - a +0 dagger
 s - a +0 dagger
 x - a +0 war axe
 z - a +0 short sword
 C - a +0 hunting sling
 F - a +1 vampiric whip
 M - a +0 long sword
Missiles
 c - 21 bolts
 l - 21 poisoned darts
 q - 108 stones
 v - 34 sling bullets
 B - 69 arrows
 I - 4 javelins
Armour
 d - a +0 buckler
 j - a +0 pair of boots (worn)
 u - a +0 ring mail
 w - a +0 ring mail
 y - a +0 robe
 E - a +0 robe
 K - a +0 chain mail
 L - a +2 leather armour of fire resistance
 Q - a +0 plate armour
 R - a +0 barding
Jewellery
 T - an amulet of magic regeneration (around neck)
Wands
 N - a wand of flame (17)
Scrolls
 b - 2 scrolls of teleportation
 e - a scroll of silence {unknown}
 o - 2 scrolls of amnesia
 r - 2 scrolls of holy word
 t - a scroll of fear
 D - a scroll of torment {unknown}
 H - a scroll of enchant weapon
 J - 2 scrolls of fog
 P - a scroll of noise {unknown}
 U - a scroll of summoning {unknown}
Potions
 a - 2 potions of attraction
 h - 2 potions of brilliance
 m - 2 potions of flight
 A - a potion of mutation {unknown}
 O - a potion of might {unknown}
 V - a potion of curing


   Skills:
 + Level 0.4 Fighting
 + Level 1.3 Short Blades
 + Level 2.1 Dodging
 + Level 2.3 Stealth
 + Level 0.1 Unarmed Combat
 + Level 3.6 Spellcasting
 + Level 3.0 Conjurations
 + Level 4.4 Air Magic


You had 9 spell levels left.
You knew the following spells:

 Your Spells              Type           Power      Damage    Failure   Level
a - Shock                 Conj/Air       56%        1d6       3%          1
b - Static Discharge      Conj/Air       14%        N/A       6%          2

Your spell library contained the following spells:

 Spells                   Type           Power      Damage    Failure   Level
 Swiftness                Air            17%        N/A       9%          3
 Sublimation of Blood     Necr           1%         N/A       26%         2
 Wereblood                Tmut           2%         N/A       26%         2
 Airstrike                Air            8%         N/A       28%         4
 Frozen Ramparts          Ice            4%         1d2       45%         3
 Lightning Bolt           Conj/Air       7%         1d19      71%         5
 Ice Form                 Ice/Tmut       2%         N/A       86%         4
 Petrify                  Tmut/Erth      2%         N/A       86%         4
 Summon Ice Beast         Ice/Summ       2%         N/A       86%         4
 Irradiate                Conj/Tmut      3%         3d14      95%         5
 Summon Hydra             Summ           1%         N/A       100%        7
 Maxwell's Capacitive Co  Air            8%         ∞         100%        8


Dungeon Overview and Level Annotations

Branches:
Dungeon (5/15)
 Temple: D:4-7

Altars:
Cheibriados
Qazlal
Trog

Shops:
D:3 ?


Innate Abilities, Weirdness & Mutations

Your plain brown scales are hard. (AC +6)
You cannot fit into any form of body armour.
You are cold-blooded and may be slowed by cold attacks.


Message History

Confirm with . or Enter, or press ? or * to list all spells.
The steam dragon is struck by an arc of lightning!
The steam dragon is heavily wounded.
The lightning grounds out.
The steam dragon bites you but does no damage.
The steam dragon barely misses you.
Casting: Static Discharge (safe; 6% risk of failure)
Confirm with . or Enter, or press ? or * to list all spells.
The steam dragon is struck by an arc of lightning.
The steam dragon is heavily wounded.
You are struck by an arc of lightning.
The lightning grounds out.
The steam dragon breathes steam at you.
The ball of steam hits you but does no damage.
Press: ? - help, v - describe, . - travel The floor.
The steam dragon bites you but does no damage.
The steam dragon closely misses you. The steam dragon closely misses you.
The steam dragon claws you but does no damage.
Unknown command.
Press: ? - help, v - describe, . - travel The floor.
You hit the steam dragon.
Your weapon exudes an aura of protection.
You tail-slap the steam dragon.
The steam dragon is severely wounded.
The steam dragon misses you. The steam dragon barely misses you.
You barely miss the steam dragon.
The steam dragon is severely wounded.
The steam dragon bites you but does no damage.
The steam dragon claws you but does no damage.
You barely miss the steam dragon.
The steam dragon is severely wounded.
The steam dragon breathes steam at you. The ball of steam hits you!
* * * LOW HITPOINT WARNING * * *
The steam dragon breathes steam at you. The ball of steam hits you!!
Ouch! That really hurt!
You die...

# #...............# ##.......
###...............## ##......
.##................# #.....#
#.#.........<...§.§# ##...##
#<.........†....§§§## #.)##
#.###............§..# #..#
#.###............§..# #.)#
...###......§§...§..## #.....
##.# #.(........@§...###
#.....
#.#####........D.....###
......
......................#.......
..............^.^§....≈.......
#####.......^≈§≈...^##.......
###...?....§.§≈.##.......
#......^≈#≈.§.§# #
#......^^^...^≈§^
............_.....


You could see a steam dragon (catching breath).

Vanquished Creatures
  A scorpion (D:5)
  An iguana (D:4)
  2 orc wizards
  3 gnolls (D:3)
  A howler monkey skeleton (D:5)
  5 adders
  A worm (D:2)
  2 dart slugs
  10 orcs
  6 bats
  10 endoplasms
  3 giant cockroaches
  5 goblins
  8 hobgoblins
  5 jackals
  5 kobolds
  5 quokkas
  9 ball pythons
  A frilled lizard (D:1)
  8 rats
91 creatures vanquished.

Notes
Turn   | Place    | Note
-------+----------+-------------------------------------------
     0 | D:1      | calewdscratch the Draconian Air Elementalist began the
                  | quest for the Orb.
     0 | D:1      | Reached XP level 1. HP: 14/14 MP: 3/3
   608 | D:1      | Reached XP level 2. HP: 20/20 MP: 1/5
  1407 | D:1      | Found a faded altar of an unknown god.
  1412 | D:1      | Reached XP level 3. HP: 26/26 MP: 2/6
  2068 | D:1      | Learned a level 2 spell: Static Discharge
  3092 | D:3      | Reached XP level 4. HP: 33/33 MP: 3/7
  3618 | D:3      | Found a snail-covered altar of Cheibriados.
  3625 | D:3      | Reached skill level 4 in Air Magic
  3886 | D:3      | Found Woorewn's Magic Scroll Emporium.
  3925 | D:3      | Bought a scroll of identify for 24 gold pieces
  3925 | D:3      | Bought a scroll of identify for 24 gold pieces
  4087 | D:3      | Reached skill level 1 in Short Blades
  4132 | D:3      | Reached XP level 5. HP: 39/39 MP: 9/9
  4425 | D:3      | Found a bloodstained altar of Trog.
  4631 | D:3      | Bought a scroll of amnesia for 42 gold pieces
  4631 | D:3      | Bought a scroll of fog for 24 gold pieces
  6593 | D:4      | Upgraded the game from 0.27.0-66-gdc8fb28755 to 0.27.1
  6641 | D:5      | Entered Level 5 of the Dungeon
  6743 | D:5      | Noticed a centaur
  6743 | D:5      | Noticed a phantom
  7156 | D:5      | Found a stormy altar of Qazlal.
  7161 | D:5      | Noticed a steam dragon
  7443 | D:4      | Reached XP level 6. HP: 42/46 MP: 6/11
  7680 | D:5      | Killed from afar by a steam dragon

Illustrated notes

Levels and vault maps discovered:
D:1:      lightli_arrival_farm, layout_basic, ebering_ecumenical_altar_rust,
          serial_rivers, chequers_serial_rivers_small_a,
          chequers_serial_rivers_room_b, chequers_serial_rivers_marsh,
          chequers_serial_rivers_micro_e, minmay_misc_feat_rows,
          minmay_pentomino_p2
D:2:      layout_rooms
D:3:      layout_basic, lemuel_tele_altar, amcnicky_altar_gilded, serial_shops,
          shop, minmay_statues_item, hangedman_abyss_or_decor_lesser_grid
D:4:      layout_basic
D:5:      layout_layer_cave, grunt_qazlal_sundering, grunt_decor_one_mirror

Skill      XL: |  1  2  3  4  5  6 |
---------------+-------------------+-----
Stealth        | 2 |  2.3
Dodging        | 2 |  2.1
Air Magic      | 4 |  4.4
Conjurations   | 2 3 |  3.0
Short Blades   | 1 |  1.3
Spellcasting   | 3 |  3.6
Fighting       | |  0.4
Unarmed Combat | |  0.1

Action                   |  1- 3 |  4- 6 || total
-------------------------+-------+-------++-------
Melee: Unarmed           |     9 |       ||     9
       Tailslap          |     8 |     6 ||    14
       Short sword       |    36 |    50 ||    86
 Cast: Shock             |    88 |    68 ||   156
       Static Discharge  |       |    16 ||    16
  Use: Scroll            |       |    11 ||    11
       Potion            |       |     1 ||     1
Armor: Skin              |    16 |    33 ||    49
Dodge: Dodged            |    37 |    47 ||    84
